 Dungeon Crawl Stone Soup version 0.28-a0-802-g09f76e8c00 (webtiles) character file.

Game seed: 9461503949610834215

29 avis the Grasshopper (level 3, -18/16 HPs)
             Began as a Felid Warper on Nov 7, 2021.
             Killed by an exploding dart slug (34 damage)
             ... ignited by their inner flame
             ... on level 3 of the Dungeon.
             The game lasted 00:07:36 (2482 turns).

avis the Grasshopper (Felid Warper)                 Turns: 2482, Time: 00:07:37

Health: -18/16     AC:  1    Str:  8    XL:     3   Next: 1%
Magic:  7/7        EV: 18    Int: 14    God:
Gold:   115        SH:  0    Dex: 15    Spells: 6/6 levels left
                                        Lives:  0   Deaths: 1

rFire   . . .      SeeInvis +     - Unarmed
rCold   . . .      Faith    .   (shield unavailable)
rNeg    . . .      Spirit   .   (armour unavailable)
rPois   .          Reflect  .   (helmet unavailable)
rElec   .          Harm     .   (cloak unavailable)
rCorr   .          Rampage  .   (gloves unavailable)
Will    .....                   (boots unavailable)
Stlth   +.........              (no amulet)
HPRegen 0.05/turn               (no ring)
MPRegen 0.10/turn               (no ring)

@: weak-willed, quick
A: very small, claws 1, fangs 3, see invisible, speed 1, shaggy fur 1, stealthy
paws, no weapons or thrown items, no armour, multi-lived
a: no special abilities


You were on level 3 of the Dungeon.
You visited 1 branch of the dungeon, and saw 3 of its levels.

You collected 115 gold pieces.

Inventory:

Missiles
 g - 82 stones
 l - 21 bolts
 m - 19 arrows
Wands
 p - a wand of iceblast (10)
Scrolls
 a - a scroll of blinking
 d - a scroll of teleportation
Potions
 i - a potion of mutation
 k - a potion of resistance {unknown}
 o - a potion of curing {unknown}


   Skills:
 - Level 2.1 Fighting
 - Level 3.4 Dodging
 * Level 4.0 Unarmed Combat
 - Level 2.0 Spellcasting
 - Level 4.6 Translocations


You had 6 spell levels left.
You didn't know any spells.
Your spell library contained the following spells:

 Spells                   Type           Power      Damage    Failure   Level
 Blink                    Tloc           28%        N/A       5%          2
 Gell's Gravitas          Tloc           14%        N/A       11%         3
 Lesser Beckoning         Tloc           14%        N/A       11%         3
 Teleport Other           Tloc           14%        N/A       11%         3
 Manifold Assault         Tloc           14%        N/A       67%         5


Dungeon Overview and Level Annotations

Branches:
Dungeon (3/15)

Altars:


Innate Abilities, Weirdness & Mutations

You have sharp claws.
You have razor-sharp teeth.
You have supernaturally acute eyesight. (SInv)
You cover ground quickly. (Speed+)
You are covered in fur. (AC +1)
Your paws help you pounce on unaware monsters.
You are incapable of wielding weapons or throwing items.
You cannot wear armour.
You gain extra lives every three experience levels.


Message History

As you read the scroll labelled VOTECL FIEDESU, it crumbles to dust.
You assume a fearsome visage.
Nothing appears to happen.
It was a scroll of fear.
As you read the scroll labelled WYSTEO GACUVO, it crumbles to dust.
You hear a loud clanging noise!
It was a scroll of noise.
You hear a shout! x2
As you read the scroll labelled FEUZOA NEILE, it crumbles to dust.
The creatures around you are filled with an inner flame!
It was a scroll of immolation.
As you read the scroll labelled LUMIST HEAQYN, it crumbles to dust.
You feel aware of your surroundings.
You sensed 1 shop/portal.
It was a scroll of magic mapping.
A quokka comes into view.
You swap places.
A hobgoblin comes into view.
The hobgoblin shouts!
The hobgoblin hits your orc priest. The hobgoblin hits your orc priest.
Flame seeps out of your orc priest.
Your orc priest is engulfed in blazing flames.
Your orc priest's corpse dissolves into shadows!
Your orc priest explodes!
The fiery explosion engulfs your hobgoblin!!!
Your hobgoblin's corpse dissolves into shadows!
The fiery explosion engulfs the hobgoblin!!
You kill the hobgoblin!
The fiery explosion engulfs your orc!!
Your orc's corpse dissolves into shadows!
Your orc explodes!
The fiery explosion engulfs your orc priest!!
You kill your orc priest!
Your orc priest's corpse dissolves into shadows!
The fiery explosion engulfs your orc!!
Your orc's corpse dissolves into shadows!
The fiery explosion engulfs your dart slug!!!
Your dart slug's corpse dissolves into shadows!
Your dart slug explodes!
The fiery explosion engulfs you!!
Ouch! That really hurt!
You die...

******#....,*****,*
*,,,,,.....,****#.######
*,****#.#r#,,,,*#.......
*,* #.#.#,**,*######## *,*
##.#.#,**,,,,,,,* #
*###.####§○§#S.#*******,* #
*........§§§##.# *,* #
*.##^####§§§§..#*** *,**#
*,**,* ##@#.#.#*,*****,,,.
*,*#.#####...#.#,*,,,,,,,,.
*,*#...........#*,********#
*,*#######..####*,* * *,*
#..# *,* * *,* #..#****,* *
*,* **#...,,,*,* * *,*
*,.....,,,,* * *,*
*,######,,,* *


You could see a quokka.

Vanquished Creatures
  An orc priest (D:3)
  3 dart slugs
  2 orcs (D:3)
  3 ball pythons
  4 bats
  4 endoplasms
  2 giant cockroaches (D:1)
  2 hobgoblins
  A quokka (D:2)
  3 frilled lizards
  3 kobolds (D:2)
  4 rats
32 creatures vanquished.

Vanquished Creatures (others)
  A plant (D:1)
1 creature vanquished.

Grand Total: 33 creatures vanquished

Notes
Turn   | Place    | Note
-------+----------+-------------------------------------------
     0 | D:1      | avis the Felid Warper began the quest for the Orb.
     0 | D:1      | Reached XP level 1. HP: 9/9 MP: 4/4
    27 | D:1      | Found a faded altar of an unknown god.
   602 | D:1      | Reached XP level 2. HP: 5/13 MP: 6/6
  1383 | D:2      | Reached XP level 3. HP: 15/16 MP: 7/7
  2398 | D:3      | Reached XP level 4. HP: 16/19 MP: 8/8
  2471 | D:3      | Killed from afar by an orc wizard
  2472 | D:3      | Reached XP level 3. HP: -10/16 MP: 7/7
  2482 | D:3      | Killed by an exploding dart slug... ignited by their inner
                  | flame

Illustrated notes

Levels and vault maps discovered:
D:1:      scummos_arrival_forest, layout_basic, ebering_ecumenical_altar_mist,
          serial_bayou, serial_bayou_pond_c, serial_bayou_ford_a,
          serial_bayou_lake_a, serial_bayou_lagoon_a, minivault_5
D:2:      layout_loops_ring
D:3:      layout_loops_ring, gup_sewer_entry_bowl, uniq_terence

Skill      XL: |  1  2  3 |
---------------+----------+-----
Unarmed Combat | 3 4 |  4.0
Fighting       | |  2.1
Dodging        | |  3.4
Spellcasting   | |  2.0
Translocations | |  4.6

Action                   |  1- 3 |  4- 6 || total
-------------------------+-------+-------++-------
Melee: Unarmed           |    79 |    15 ||    94
       Bite              |     5 |       ||     5
       Punch             |     3 |       ||     3
  Use: Scroll            |     7 |     1 ||     8
 Stab: Sleeping          |     5 |       ||     5
Armor: Skin              |     2 |       ||     2
Dodge: Dodged            |    49 |     8 ||    57

Table legend: (Time is in decaauts)
 A = Elapsed time spent in this place.
 B = Non-inter-level travel time spent in this place.
 C = Inter-level travel time spent in this place.
 D = Time resting spent in this place.
 E = Time spent auto-exploring this place.
 F = Levels seen in this place.
 G = Mean time per level.
                   A        B        C        D        E       F      G
               +--------+--------+--------+--------+--------+-----+--------+
         Total |   2215 |   2064 |    151 |    642 |   1051 |   3 |  738.3 |
       Dungeon |   2215 |   2064 |    151 |    642 |   1051 |   3 |  738.3 |
               +--------+--------+--------+--------+--------+-----+--------+

Top non-repeatable levels by time:
     D:1: 1046 daAuts
     D:2: 956 daAuts
     D:3: 211 daAuts
